Map: [G8] Gresvan

Players

Serral - Winner!

  • Race: Zerg Zerg
  • Spawn Location: 5:00

Creator

  • Race: Protoss Protoss
  • Spawn Location: 11:00

Event: Gamers8 2023

VOD

Have the link to the VOD?

Description

Time

  • Played on: Aug. 3, 2023, 6:13 a.m.
  • Length: 11:52

All games in this series

Show
View Real Time Build Order
Export as new Build Order

Serral Zerg - Winner!

Build Orders: Hatch First 

Get SALT Encoding   

  12  0:00  Drone  
  13  0:08  Drone  
  13  0:14  Extractor, Drone  
  15  0:37  Hatchery  
  15  0:41  Extractor, Drone  
  15  0:47  Overlord  
  15  1:03  Spawning Pool  
  14  1:06  Drone  
  14  1:10  Drone  
  16  1:14  Drone  
  16  1:18  Drone  
  18  1:28  Drone  
  18  1:32  Extractor  
  18  1:39  Drone  
  19  1:49  Queen  
  19  1:50  Queen  
  19  1:51  Zergling x2  
  19  1:53  Overlord  
  25  1:59  Drone  
  27  2:01  Drone  
  27  2:10  Drone  
  27  2:13  Drone  
  29  2:21  Drone  
  29  2:22  Drone  
  31  2:27  Queen x2  
  35  2:31  Drone  
  35  2:32  Overlord  
  36  2:45  Hatchery  
  36  2:49  Extractor, Drone  
  36  2:50  Drone  
  36  2:57  Drone x3  
  39  3:01  Overlord  
  39  3:05  Overlord  
  39  3:06  Drone  
  39  3:09  Drone  
  39  3:10  Drone  
  39  3:12  Drone  
  43  3:21  Drone  
  43  3:23  Drone  
  45  3:27  Drone  
  45  3:32  Drone  
  45  3:33  Drone x5  
  52  3:37  Overlord  
  52  3:44  Roach Warren  
  52  3:46  Overlord  
  52  3:47  Extractor  
  50  3:48  Drone  
  50  3:52  Metabolic Boost  
  50  3:55  Drone x2  
  53  3:58  Queen  
  55  4:03  Zergling x2, Drone  
  55  4:04  Zergling x6  
  55  4:09  Zergling x8  
  64  4:14  Overlord  
  64  4:20  Spore Crawler  
  64  4:24  Overlord, Drone x2  
  65  4:26  Spore Crawler  
  65  4:30  Roach  
  65  4:31  Roach x3  
  72  4:36  Queen  
  74  4:40  Lair  
  74  4:44  Roach, Drone x2  
  77  4:47  Drone x2  
  79  4:53  Drone x2  
  79  4:55  Overlord  
  79  4:59  Queen  
  83  5:01  Drone  
  83  5:02  Drone  
  83  5:05  Spore Crawler  
  83  5:07  Spore Crawler  
  83  5:08  Drone x5  
  83  5:11  Overlord  
  83  5:13  Overlord  
  89  5:16  Drone x2  
  91  5:21  Spore Crawler  
  91  5:24  Drone  
  91  5:25  Drone  
  90  5:29  Overlord  
  90  5:31  Overlord  
  90  5:35  Drone x7  
  97  5:40  Overseer  
  97  5:45  Drone x3  
  97  5:46  Infestation Pit, Evolution Chamber  
  97  5:49  Queen x2  
  102  5:52  Glial Reconstitution  
  102  5:53  Queen  
  102  5:55  Drone  
  102  5:56  Drone  
  105  6:01  Extractor x2, Overlord  
  105  6:02  Extractor  
  102  6:05  Drone x5  
  106  6:14  Drone x2  
  106  6:16  Drone x3  
  111  6:19  Extractor  
  111  6:20  Overlord  
  111  6:21  Baneling Nest  
  111  6:22  Hatchery  
  111  6:23  Drone x3  
  111  6:31  Zerg Melee Weapons Level 1  
  111  6:32  Queen  
  109  6:36  Overlord  
  109  6:38  Overlord  
  113  6:42  Queen  
  113  6:45  Spore Crawler, Drone x4  
  118  6:47  Drone x2  
  118  6:48  Drone  
  118  6:53  Overlord  
  121  6:54  Drone x2  
  121  6:56  Drone x3  
  124  7:01  Hive  
  124  7:02  Spire  
  124  7:06  Evolution Chamber  
  122  7:11  Centrifugal Hooks  
  122  7:14  Roach x6  
  130  7:21  Roach x5  
  140  7:29  Roach  
  145  7:30  Roach x2  
  145  7:33  Overlord  
  145  7:35  Overlord  
  145  7:37  Overseer  
  145  7:42  Drone x3  
  145  7:43  Drone  
  143  7:44  Zerg Missile Weapons Level 1  
  143  7:46  Roach x3, Zergling x8  
  143  7:49  Pneumatized Carapace  
  151  7:54  Overlord  
  151  7:55  Overlord x2  
  151  7:57  Spore Crawler  
  151  7:58  Overlord  
  150  8:01  Overlord  
  150  8:04  Ravager x3  
  152  8:09  Hatchery  
  152  8:11  Drone  
  152  8:12  Drone x5  
  154  8:15  Extractor  
  154  8:16  Extractor  
  154  8:17  Drone x3  
  155  8:21  Greater Spire, Adrenal Glands  
  154  8:27  Zergling x14  
  154  8:33  Drone x2  
  162  8:35  Spine Crawler  
  162  8:36  Zerg Melee Weapons Level 2  
  162  8:38  Baneling x7  
  162  8:40  Zergling x2  
  162  8:48  Zergling x18  
  171  8:51  Overseer  
  170  8:59  Corruptor x4  
  179  9:02  Drone  
  179  9:04  Spine Crawler  
  178  9:15  Zergling x26  
  172  9:19  Roach x3  
  174  9:27  Baneling  
  174  9:28  Baneling x4  
  173  9:36  Roach x10  
  161  9:51  Roach x6, Zergling x16  
  166  9:55  Zergling x2  
  153  10:00  Zergling x2  
  151  10:07  Zergling x16  
  151  10:08  Zergling x8  
  151  10:10  Baneling x6  
  151  10:14  Roach x2  
  167  10:15  Zergling x2  
  167  10:18  Drone x2  
  167  10:19  Drone  
  171  10:21  Baneling x7  
  171  10:26  Ravager x5  
  176  10:29  Zergling x8  
  180  10:36  Zergling x14  
  180  10:38  Baneling x5  
  187  10:43  Zergling x10  
  183  10:50  Zergling x10  
  183  10:56  Zergling x18  
  189  11:00  Corruptor x3  
  191  11:07  Corruptor x2  
  191  11:15  Zergling x18  
  200  11:29  Baneling  
  200  11:30  Baneling x15  
  200  11:31  Zergling x10  
  200  11:32  Hatchery  
Show
View Real Time Build Order
Export as new Build Order

Creator Protoss 

Build Orders: 1 Gate Expand, Archon Immortal, Mass Phoenix 

Get SALT Encoding   

  12  0:00  Probe  
  13  0:14  Pylon  
  13  0:17  Probe (Chrono Boost)  
  14  0:27  Probe (Chrono Boost)  
  15  0:32  Probe (Chrono Boost)  
  16  0:39  Gateway  
  16  0:44  Probe  
  16  0:48  Assimilator  
  17  0:56  Probe  
  18  1:08  Probe  
  19  1:20  Probe  
  20  1:27  Nexus  
  20  1:35  Cybernetics Core  
  20  1:37  Probe  
  21  1:43  Assimilator  
  21  1:49  Probe  
  21  1:52  Pylon  
  22  2:01  Probe  
  23  2:10  Adept (Chrono Boost)  
  23  2:13  Probe  
  21  2:22  Warp Gate  
  26  2:26  Probe  
  27  2:30  Stalker (Chrono Boost)  
  29  2:40  Probe (Chrono Boost)  
  29  2:42  Probe (Chrono Boost)  
  31  2:49  Probe (Chrono Boost)  
  33  2:52  Adept, Probe (Chrono Boost)  
  33  2:54  Probe (Chrono Boost)  
  36  2:59  Gateway  
  36  3:02  Probe  
  37  3:06  Probe  
  37  3:12  Shield Battery  
  38  3:14  Probe  
  38  3:18  Probe  
  40  3:24  Stargate  
  40  3:25  Stargate  
  40  3:26  Probe  
  41  3:30  Probe  
  44  3:36  Pylon  
  44  3:38  Assimilator, Probe  
  44  3:40  Assimilator  
  43  3:42  Probe  
  44  3:50  Probe  
  44  3:54  Pylon, Probe  
  46  4:01  Pylon  
  47  4:02  Probe  
  47  4:07  Probe  
  47  4:08  Phoenix (Chrono Boost)  
  47  4:09  Phoenix (Chrono Boost)  
  50  4:14  Probe  
  50  4:15  Zealot x2  
  57  4:19  Probe  
  58  4:24  Phoenix (Chrono Boost)  
  58  4:27  Probe  
  58  4:29  Phoenix (Chrono Boost)  
  63  4:32  Pylon  
  63  4:43  Zealot  
  63  4:45  Zealot, Phoenix (Chrono Boost)  
  67  4:51  Probe  
  72  4:54  Phoenix (Chrono Boost)  
  72  5:03  Nexus  
  72  5:05  Pylon  
  72  5:07  Phoenix (Chrono Boost)  
  74  5:18  Probe x2  
  74  5:19  Phoenix (Chrono Boost)  
  74  5:20  Pylon  
  78  5:30  Phoenix  
  78  5:31  Probe  
  81  5:38  Robotics Facility, Probe (Chrono Boost)  
  81  5:40  Phoenix  
  81  5:42  Shield Battery  
  84  5:47  Sentry  
  84  5:49  Zealot  
  90  5:50  Probe (Chrono Boost)  
  90  5:51  Probe (Chrono Boost)  
  90  5:56  Pylon, Probe (Chrono Boost)  
  88  5:59  Probe (Chrono Boost)  
  90  6:04  Probe  
  90  6:10  Probe  
  92  6:13  Zealot  
  92  6:15  Zealot  
  92  6:16  Probe (Chrono Boost)  
  98  6:19  Probe (Chrono Boost)  
  98  6:23  Forge  
  98  6:25  Twilight Council  
  99  6:26  Observer  
  99  6:27  Probe (Chrono Boost)  
  99  6:28  Probe (Chrono Boost)  
  99  6:31  Pylon  
  102  6:33  Probe (Chrono Boost)  
  102  6:34  Probe (Chrono Boost)  
  102  6:36  Probe (Chrono Boost)  
  104  6:41  Assimilator x2, Probe  
  104  6:42  Probe  
  104  6:46  Probe  
  107  6:47  Immortal (Chrono Boost)  
  107  6:48  Protoss Ground Weapons Level 1 (Chrono Boost)  
  107  6:53  Gateway, Probe  
  107  6:54  Gateway  
  112  6:58  Charge (Chrono Boost)  
  110  7:11  Nexus  
  108  7:16  Zealot, Sentry  
  108  7:19  Immortal (Chrono Boost)  
  116  7:23  Pylon  
  116  7:26  Templar Archives  
  112  7:30  Probe x3  
  114  7:42  Gateway, Probe x3  
  114  7:43  Gateway  
  117  7:45  Photon Cannon, Gateway  
  117  7:47  Shield Battery  
  117  7:50  Gateway  
  117  7:51  Gateway  
  117  7:52  Warp Prism (Chrono Boost)  
  117  7:58  Zealot, Sentry  
  123  8:02  High Templar x2  
  123  8:03  Pylon  
  123  8:05  Probe x3  
  130  8:08  Archon  
  130  8:20  Gateway  
  130  8:22  Pylon  
  130  8:24  High Templar x2  
  134  8:34  High Templar x2  
  134  8:39  Blink  
  134  8:41  Archon  
  138  8:50  Immortal (Chrono Boost)  
  138  8:51  High Templar x2  
  138  8:52  Zealot, High Templar x2  
  152  8:57  Pylon, Archon x2  
  152  8:58  Assimilator, Archon  
  152  8:59  Zealot x2  
  152  9:01  Assimilator  
  152  9:02  Pylon  
  156  9:03  Pylon  
  156  9:05  Pylon  
  134  9:18  Zealot x4  
  134  9:21  Zealot x2  
  134  9:24  Immortal  
  142  9:27  Zealot x4  
  134  9:39  Zealot x4  
  134  9:42  Stalker x2  
  120  9:51  Stalker x4  
  104  9:56  Probe x4  
  104  9:59  Fleet Beacon  
  112  10:02  Void Ray x2 (Chrono Boost)  
  112  10:03  Immortal  
  112  10:07  Zealot, Sentry  
  112  10:09  Probe  
  112  10:10  Probe x3  
  120  10:15  Stargate  
  120  10:18  Photon Cannon  
  120  10:30  Pylon  
  120  10:32  High Templar x2, Nexus  
  128  10:36  Archon  
  128  10:38  Void Ray  
  128  10:39  Stalker x3  
  134  10:44  Stalker x2  
  128  10:50  Zealot  
  128  10:51  Zealot x2  
  124  11:03  Void Ray x2  
  124  11:04  Zealot  
  133  11:11  Stalker x4  
  137  11:21  Zealot  
  137  11:25  Zealot x3  
  144  11:33  Shield Battery  
  144  11:39  Zealot x3  
  142  11:43  Zealot x2  
  142  11:44  Zealot x2  
Tags
 
Add a new tag
Caveats
  • Supply blocks, unpowered buildings, or Contaminate may cause inaccurate times.
  • Supply counts are checked every 10 seconds.